 Dungeon Crawl Stone Soup version 0.18-a0-1782-gb76a692 (webtiles) character file.

424 namelastname112 the Conjurer (level 6, -5/45 HPs)
             Began as a Draconian Conjurer on Apr 17, 2016.
             Killed from afar by Sigmund (10 damage)
             ... with a wand of flame
             ... on level 4 of the Dungeon.
             The game lasted 00:06:43 (2914 turns).

namelastname112 the Conjurer (Draconian Conjurer)   Turns: 2914, Time: 00:06:44

Health: -5/45      AC:  7    Str: 10    XL:     6   Next: 64%
Magic:  12/12      EV: 17    Int: 22    God:
Gold:   180        SH:  0    Dex: 17    Spells: 3 memorised, 6 levels left

rFire  . . .     SeeInvis .     m - +2 spear (venom)
rCold  . . .     Gourm    .     (armour unavailable)
rNeg   . . .     Faith    .     (no shield)
rPois  .         Spirit   .     (helmet restricted)
rElec  .         Dismiss  .     (no cloak)
rCorr  .         Reflect  .     e - +0 pair of gloves
SustAt .         Harm     .     (no boots)
MR     .....                    h - amulet of magic regeneration
Stlth  ++........               (no ring)
                                (no ring)

@: confused, brilliant, agile, not resistant to hostile enchantments, unstealthy
A: unfitting armour, cold-blooded, AC +6
a: no special abilities


You were on level 4 of the Dungeon.
You were very hungry.

You visited 1 branch of the dungeon, and saw 5 of its levels.

You collected 180 gold pieces.

Inventory:

Hand Weapons
 m - a +2 spear of venom (weapon)
Armour
 e - a +0 pair of gloves (worn)
Jewellery
 h - an amulet of magic regeneration (around neck)
 j - an uncursed amulet of regeneration {unknown}
Scrolls
 d - 3 scrolls of fear {unknown}
 f - 3 scrolls of magic mapping {unknown}
 i - a scroll of immolation {unknown}
 l - a scroll of recharging {unknown}
 n - a scroll of identify {unknown}
 o - a scroll of enchant armour {unknown}
Books
 a - a book of Conjurations

   Spells                             Type                      Level
   a - Magic Dart                     Conjuration                  1
   b - Searing Ray                    Conjuration                  2
   c - Dazzling Spray                 Conjuration/Hexes            3
   d - Fulminant Prism                Conjuration/Hexes            4
   e - Iskenderun's Mystic Blast      Conjuration                  4
   f - Iskenderun's Battlesphere      Conjuration/Charms           5
Comestibles
 b - 3 bread rations
 c - 4 meat rations
 g - a beef jerky


   Skills:
 - Level 1.7 Dodging
 - Level 1.7 Stealth
 + Level 4.5 Spellcasting
 + Level 5.9 Conjurations
 + Level 2.2 Charms


You had 6 spell levels left.
You knew the following spells:

 Your Spells              Type           Power        Failure   Level  Hunger
a - Iskenderun's Battles  Conj/Chrm      #####...     10%         5    #####..
x - Searing Ray           Conj           #####.       1%          2    None
z - Magic Dart            Conj           ####         1%          1    None


Dungeon Overview and Level Annotations

Branches:
Dungeon (5/15)
 Temple: D:4-7

Altars:
Cheibriados
Elyvilon
Qazlal
Yredelemnul

Shops:
D:4 (

Annotations:
D:3 Natasha
D:4 Grinder, Sigmund


Innate Abilities, Weirdness & Mutations

Your plain brown scales are hard (AC +6).
Your body does not fit into most forms of armour.
You are cold-blooded and may be slowed by cold attacks.


Message History

You hear some strange, mumbled words.
You are more confused.
Drink which item? (? for menu, Esc to quit)
It was a potion of agility.
You feel agile all of a sudden.
The giant frog zombie closely misses you.
Something hits you but does no damage.
The giant frog zombie hits you but does no damage.
MP restored: 12 Something closely misses you.
The giant frog zombie closely misses you. x2
Something hits you!
* * * LOW HITPOINT WARNING * * *
You take 9 damage, and have 5/45 hp.
The giant frog zombie barely misses you.
A hound skeleton comes into view.
You hear a zap.
A puff of flame appears from out of thin air!
The puff of flame hits you!
You die...

.. #.# #..###
.##....###########.#
......)....Z@......#
##......#.....####Z.
#....∩.........###
...................
........>.......###
..<.............#
.#.#.#....!.....#
.........?.....#
#.#.#..........#


You could see a giant frog zombie and a hound skeleton.

Vanquished Creatures
  A hungry ghost (D:5)
  Natasha (D:3)
  An iguana (D:5)
  A worker ant (D:5)
  2 orc wizards (D:3)
  3 gnolls (D:2)
  4 adders
  3 oozes
  A worm (D:2)
  A dart slug (D:1)
  6 orcs (D:3)
  A giant cockroach (D:2)
  13 goblins
  2 hobgoblins
  6 jackals
  8 bats
  6 giant newts
  11 kobolds
  14 rats
85 creatures vanquished.

Notes
Turn   | Place    | Note
--------------------------------------------------------------
     0 | D:1      | namelastname112 the Draconian Conjurer began the quest for the Orb.
     0 | D:1      | Reached XP level 1. HP: 14/14 MP: 3/3
   312 | D:1      | Reached XP level 2. HP: 9/20 MP: 0/5
   316 | D:1      | Learned a level 2 spell: Searing Ray
   862 | D:2      | Reached XP level 3. HP: 17/26 MP: 0/7
  1207 | D:2      | Reached XP level 4. HP: 30/33 MP: 4/8
  1424 | D:2      | Reached skill level 5 in Conjurations
  1436 | D:2      | Found a basalt altar of Yredelemnul.
  2050 | D:3      | Reached XP level 5. HP: 35/38 MP: 5/10
  2057 | D:3      | Learned a level 5 spell: Iskenderun's Battlesphere
  2099 | D:3      | Noticed Natasha
  2115 | D:3      | Killed Natasha
  2314 | D:3      | Found a snail-covered altar of Cheibriados.
  2364 | D:3      | Found a stormy altar of Qazlal.
  2442 | D:3      | Reached skill level 1 in Charms
  2553 | D:3      | Noticed Natasha
  2591 | D:3      | You fall through a shaft for 2 floors!
  2591 | D:5      | Entered Level 5 of the Dungeon
  2675 | D:4      | Noticed Grinder
  2684 | D:4      | Paralysed by Grinder for 2 turns
  2754 | D:5      | Found a white marble altar of Elyvilon.
  2774 | D:5      | Noticed a hungry ghost
  2784 | D:5      | Killed a hungry ghost
  2784 | D:5      | Reached XP level 6. HP: 33/45 MP: 4/12
  2896 | D:4      | Found Nosori's Antique Weapon Shoppe.
  2896 | D:4      | Noticed Sigmund
  2914 | D:4      | Killed from afar by Sigmund

Vault maps used:
D:1:      saegor_arrival_simple_d, serial_glass, glass_columns_b,
          glass_columns_c, glass_columns_a, glass_columns_c, glass_columns_c,
          glass_columns_a, glass_columns_a, glass_columns_a, glass_columns_a,
          glass_columns_c, glass_columns_a, glass_columns_b, glass_columns_c,
          glass_columns_a
D:2:      lemuel_coloured_pillars_altar, first_bread
D:3:      nicolae_overflow_crystal_walls, nicolae_qazlal_eye_of_the_storm,
          kennysheep_cross_room, minmay_crystal_water, uniq_natasha
D:4:      lemuel_doored_altar, serial_shops, shop, st_stairs_10, uniq_eustachio,
          uniq_sigmund, uniq_grinder
D:5:      bloody_trog, elyvilon_altar_1

Skill      XL: |  1  2  3  4  5 |
---------------+----------------+-----
Spellcasting   | 3 4 |  4.5
Conjurations   | 5 |  5.9
Charms         | 2 |  2.2
Dodging        | |  1.7
Stealth        | |  1.7

Action                   |  1- 3 |  4- 6 || total
-------------------------+-------+-------++-------
Melee: Dagger            |    20 |       ||    20
       Unarmed           |     1 |       ||     1
       Tailslap          |     1 |     4 ||     5
       Spear             |       |    18 ||    18
 Cast: Magic Dart        |    53 |    92 ||   145
       Searing Ray       |     5 |     8 ||    13
  Use: Potion            |       |     2 ||     2
  Eat: Chunk             |     1 |     6 ||     7
Armor: Skin              |    11 |    10 ||    21
Dodge: Dodged            |    22 |    38 ||    60
